 Dungeon Crawl Stone Soup version 0.31-a0-1597-ge7908ec95f (webtiles) character file.

Game seed: 3255595524535810862

717 Colgate the Conjurer (level 7, -6/40 (46) HPs)
             Began as a Demonspawn Fire Elementalist on Jan 7, 2024.
             Mangled by Duvessa
             ... wielding a +6 short sword of draining
              (16 damage)
             ... on level 5 of the Dungeon.
             The game lasted 00:39:01 (4890 turns).

Colgate the Conjurer (Demonspawn Fire Elementalist) Turns: 4890, Time: 00:39:01

HP:   -6/40 (46)    AC:  6    Str:  9    XL:     7   Next: 42%
MP:   2/11          EV: 12    Int: 23    God:
Gold: 29            SH:  0    Dex: 19    Spells: 5/12 levels left

rFire   . . .        b - +1 whip "Huang" {flame, Dex+6}
rCold   . . .        (no shield)
rNeg    . . .        t - +0 robe
rPois   .            (no helmet)
rElec   .            s - +0 cloak
rCorr   .            (no gloves)
SInv    .            v - +2 pair of boots {Fly}
Will    .....        (no amulet)
Stlth   ++           k - +6 ring of intelligence
HPRegen 0.26/turn    (no ring)
MPRegen 0.24/turn

%: no passive effects
@: flying, very slightly contaminated, heavily drained
A: claws 1, ignite blood 1, magic regeneration
a: no special abilities


You were on level 5 of the Dungeon.
You visited 2 branches of the dungeon, and saw 6 of its levels.

You collected 225 gold pieces.
You spent 196 gold pieces at shops.

Inventory:

Hand Weapons
 a - a +0 flail
 b - the +1 whip "Huang" (weapon) {flame, Dex+6}
   (You found it on level 3 of the Dungeon)

   Dex+6:     It affects your dexterity (+6).
 o - a +0 spear
Armour
 n - a +0 leather armour
 s - a +0 cloak (worn)
 t - a +0 robe (worn)
 v - a +2 pair of boots of flying (worn)
Jewellery
 k - a +6 ring of intelligence (left claw)
Scrolls
 d - 3 scrolls of teleportation {@r3}
 g - a scroll of torment {unknown}
 j - a scroll of fear {unknown}
 l - a scroll of fog {unknown}
 q - a scroll of amnesia
Potions
 c - a potion of cancellation {unknown}
 e - a potion of enlightenment {unknown}
 f - 3 potions of might {@q3}
 h - a potion of haste {@q4}
 i - a potion of attraction {unknown}
 m - a potion of berserk rage {unknown}
 r - a potion of brilliance {unknown}
 u - a potion of curing {unknown}


   Skills:
 - Level 1.7 Dodging
 - Level 1.7 Stealth
 + Level 3.1 Spellcasting
 - Level 6.0 Conjurations
 - Level 5.1 Fire Magic


You had 5 spell levels left.
You knew the following spells:

 Your Spells              Type           Power      Damage    Failure   Level
a - Foxfire               Conj/Fire      100%       2x1d9     1%          1
b - Scorch                Fire           54%        2d7       1%          2
c - Flame Wave            Conj/Fire      29%        2d9       12%         4

Your spell library contained the following spells:

 Spells                   Type           Power      Damage    Failure   Level
 Inner Flame              Hex/Fire       15%        N/A       12%         3
 Volatile Blastmotes      Fire/Tloc      30%        2d12      12%         3
 Mephitic Cloud           Conj/Alch/Air  12%        N/A       16%         3
 Mercury Vapours          Alch/Air       6%         N/A       17%         2
 Freezing Cloud           Conj/Ice/Air   6%         6-21      80%         5


Dungeon Overview and Level Annotations

Branches:
Dungeon (5/15)             Temple (1/1) D:4

Altars:
Ashenzari
Cheibriados
Dithmenos
Fedhas
Hepliaklqana
Kikubaaqudgha
Makhleb
Nemelex Xobeh
Qazlal
Ru
Sif Muna
Trog
Uskayaw
Vehumet
Wu Jian
Xom
Yredelemnul

Shops:
D:4 !=?[*

Annotations:
D:5 Duvessa


Innate Abilities, Weirdness & Mutations

You have sharp fingernails.
Your demonic aura sometimes causes spilled blood to erupt in flames.
You regenerate magic rapidly.


Message History

You hear a shout! x3
Duvessa hits you with a +6 short sword of draining!
You feel drained. Magic courses through your body.
Duvessa is no longer more vulnerable to fire.
Duvessa hits you with a +6 short sword of draining.
You feel drained. Dowan barely misses you.
Casting: Flame Wave (quite dangerous; 12% risk of failure)
Casting: Flame Wave (quite dangerous; 12% risk of failure)
Press: ? - help, Dir - look around, f - activate A wave of flame ripples out!
The flame wave engulfs Duvessa!
The flame wave engulfs Dowan! (Press . to intensify the flame waves.)
You hear a shout!
Duvessa hits you with a +6 short sword of draining!
You feel drained.
Dowan smirks and points a slender finger.
Dowan closely misses you.
A wave of flame ripples out!
The flame wave engulfs Duvessa!
The flame wave engulfs Dowan!
Duvessa closely misses you.
An orc comes into view. It is wielding a +0 flail.
Dowan closely misses you.
A wave of flame ripples out!
The flame wave engulfs Duvessa!
The flame wave engulfs Dowan!
You kill Dowan!
Duvessa screams in rage.
Duvessa goes berserk!
You finish channelling waves of flame.
Duvessa closely misses you.
Your Spellcasting skill increases to level 3!
Casting: Flame Wave (quite dangerous; 12% risk of failure)
Casting: Flame Wave (quite dangerous; 12% risk of failure)
Press: ? - help, Dir - look around, f - activate A wave of flame ripples out!
The flame wave engulfs Duvessa. (Press . to intensify the flame waves.) Duvessa hits you with a +6 short sword of draining!
* * * LOW HITPOINT WARNING * * *
You feel drained.
* * * LOW HITPOINT WARNING * * *
Duvessa hits you with a +6 short sword of draining!
You die...

.## ..#####
##....... .
####........
..##.........
...........
......e..##
#.....)@..#
##...###...#
#. #...#
#..... #....
#... .o. ..


You could see Duvessa (berserk) and an orc.

Vanquished Creatures
  An ogre (D:4)
  2 scorpions
  Dowan (D:5)
  A bombardier beetle (D:4)
  2 hounds (D:4)
  2 gnoll boudas
  A sleepcap (D:4)
  An iguana (D:3)
  An orc wizard (D:4)
  5 adders
  9 gnolls
  3 dart slugs
  5 ribbon worms
  9 orcs
  5 bats (D:1)
  8 endoplasms
  3 giant cockroaches
  8 goblins
  3 hobgoblins
  4 quokkas
  6 ball pythons
  A frilled lizard (D:1)
  7 kobolds
  9 rats
97 creatures vanquished.

Vanquished Creatures (others)
  299 foxfires
299 creatures vanquished.

Grand Total: 396 creatures vanquished

Notes
Turn   | Place    | Note
-------+----------+-------------------------------------------
     0 | D:1      | Colgate the Demonspawn Fire Elementalist began the quest
                  | for the Orb.
     0 | D:1      | Reached XP level 1. HP: 13/13 MP: 3/3
   355 | D:1      | Gained mutation: You have sharp fingernails. [demonic
                  | ancestry]
   355 | D:1      | Reached XP level 2. HP: 19/19 MP: 0/5
   661 | D:1      | Learned a level 2 spell: Scorch
  1224 | D:1      | Gained mutation: You regenerate magic rapidly. [demonic
                  | ancestry]
  1224 | D:1      | Reached XP level 3. HP: 24/24 MP: 1/6
  1248 | D:1      | You fall into a shaft and drop 1 floor!
  1820 | D:2      | Noticed a scorpion
  1839 | D:2      | Killed a scorpion
  1840 | D:2      | Reached skill level 3 in Conjurations
  1840 | D:2      | Reached XP level 4. HP: 19/30 MP: 0/7
  2611 | D:3      | Reached XP level 5. HP: 35/35 MP: 5/8
  2628 | D:3      | Identified the +1 whip "Huang" {flame, Dex+6}
  2748 | D:3      | Found a bloodstained altar of Trog.
  3060 | D:3      | Found an ornate altar of the Wu Jian Council.
  3137 | D:3      | Reached skill level 5 in Fire Magic
  3639 | D:4      | Noticed an ogre
  3644 | D:4      | Killed an ogre
  3645 | D:4      | Reached skill level 4 in Conjurations
  3645 | D:4      | Gained mutation: Your demonic aura sometimes causes spilled
                  | blood to erupt in flames. [demonic ancestry]
  3645 | D:4      | Reached XP level 6. HP: 41/41 MP: 4/9
  3708 | D:4      | Found Fureap's Antique Armour Emporium.
  3716 | D:4      | Bought a pair of runed boots for 172 gold pieces
  3783 | D:3      | Learned a level 4 spell: Flame Wave
  3855 | D:4      | Found Laikil's Magic Scroll Boutique.
  3859 | D:4      | Bought a scroll of identify for 24 gold pieces
  3984 | D:4      | Found Amna's Jewellery Shoppe.
  4029 | D:4      | Reached skill level 5 in Conjurations
  4070 | D:4      | Found a staircase to the Ecumenical Temple.
  4082 | Temple   | Entered the Ecumenical Temple
  4137 | D:4      | Found Uxzucote's Distillery.
  4286 | D:4      | Reached XP level 7. HP: 46/46 MP: 6/10
  4402 | D:4      | Reached skill level 6 in Conjurations
  4760 | D:4      | Found Laaxe's Assorted Antiques.
  4846 | D:4      | Found an ancient bone altar of Kikubaaqudgha.
  4882 | D:5      | Entered Level 5 of the Dungeon
  4882 | D:5      | Noticed Duvessa
  4883 | D:5      | Noticed Dowan
  4889 | D:5      | Killed Dowan
  4890 | D:5      | Mangled by Duvessa

Illustrated notes

Levels and vault maps discovered:
D:1:      dpeg_arrival_shrine, layout_loops_ring, hangedman_abyss_or_decor_stabs
D:2:      layout_loops_ring
D:3:      layout_basic, pdpol_wu_jian_five_deadly_venoms, trog_butcher_becter,
          corexii_leaking_fountain
D:4:      layout_basic, mainiacjoe_overflow_surrounded_room,
          minmay_temple_entry_grid, serial_shops, nicolae_shop_hallway_stairs,
          shop, shop, nicolae_shop_advertising_works
          [nicolae_subvault_shop_adworks], nicolae_shop_statue_plus
D:5:      layout_layer_cave, overflow_temple_1_default, uniq_duvessa
Temple:   lightli_temple_of_artemis

Skill      XL: |  1  2  3  4  5  6  7 |
---------------+----------------------+-----
Fire Magic     | 3 4 5 |  5.1
Conjurations   | 3 4 5 6 |  6.0
Spellcasting   | 3 |  3.1
Dodging        | |  1.7
Stealth        | |  1.7

Action                     |  1- 3 |  4- 6 |  7- 9 || total
---------------------------+-------+-------+-------++-------
  Melee: Unarmed           |     2 |       |       ||     2
         Club              |     1 |       |       ||     1
   Cast: Foxfire           |    51 |    93 |    35 ||   179
         Scorch            |    12 |    23 |     9 ||    44
         Flame Wave        |       |     1 |     3 ||     4
    Use: Scroll            |     1 |     3 |       ||     4
         Potion            |       |       |     1 ||     1
 Armour: Robe              |    14 |     4 |    11 ||    29
         Leather armour    |       |     1 |       ||     1
  Dodge: Dodged            |    14 |     7 |    20 ||    41

Table legend: (Time is in decaauts)
 A = Elapsed time spent in this place.
 B = Non-inter-level travel time spent in this place.
 C = Inter-level travel time spent in this place.
 D = Time resting spent in this place.
 E = Time spent auto-exploring this place.
 F = Levels seen in this place.
 G = Mean time per level.
                   A        B        C        D        E       F      G
               +--------+--------+--------+--------+--------+-----+--------+
         Total |   4893 |   4462 |    431 |    151 |   3315 |   6 |  815.5 |
       Dungeon |   4862 |   4451 |    411 |    151 |   3306 |   5 |  972.4 |
        Temple |     30 |     10 |     20 |      0 |      9 |   1 |   30.0 |
               +--------+--------+--------+--------+--------+-----+--------+

Top non-repeatable levels by time:
     D:1: 1338 daAuts
     D:3: 1335 daAuts
     D:4: 1148 daAuts
     D:2: 1031 daAuts
  Temple: 30 daAuts
     D:5: 7 daAuts
